 Dungeon Crawl Stone Soup version 0.20-a0-833-gc632bec (webtiles) character file.

1267 Amciq the Skirmisher (level 8, -1/73 HPs)
             Began as a Minotaur Fighter on Mar 7, 2017.
             Slain by a two-headed ogre
             ... wielding a +0 giant club
              (24 damage)
             ... on level 5 of the Dungeon.
             The game lasted 00:11:05 (4140 turns).

Amciq the Skirmisher (Minotaur Fighter)             Turns: 4140, Time: 00:11:05

Health: -1/73      AC:  7    Str: 27    XL:     8   Next: 27%
Magic:  7/7        EV:  7    Int:  9    God:
Gold:   213        SH: 17    Dex: 11    Spells: 7/7 levels left

rFire    . . .     SeeInvis .   o - +1 war axe (elec)
rCold    . . .     Gourm    .   b - +0 scale mail
rNeg     . . .     Faith    .   A - +0 large shield
rPois    .         Spirit   .   (helmet restricted)
rElec    .         Reflect  .   (no cloak)
rCorr    .         Harm     .   (no gloves)
MR       .....                  (no boots)
Stlth    ..........             (no amulet)
Regen    0.3/turn               (no ring)
MPRegen  0.1/turn               a - +4 ring of intelligence

@: mighty
A: retaliatory headbutt, horns 2
a: no special abilities


You were on level 5 of the Dungeon.
You were not hungry.

You visited 1 branch of the dungeon, and saw 5 of its levels.

You collected 213 gold pieces.

Inventory:

Hand Weapons
 o - a +1 war axe of electrocution (weapon)
 v - a +0 morningstar
 w - a +0 flail of crushing
Armour
 b - a +0 scale mail (worn)
 A - a +0 large shield (worn)
Jewellery
 a - a +4 ring of intelligence (left hand)
Scrolls
 e - 9 scrolls of identify
 n - 3 scrolls of noise {unknown}
 s - a scroll of remove curse {unknown}
 t - 2 scrolls of enchant weapon {unknown}
 u - 3 scrolls of teleportation {unknown}
 x - a scroll of random uselessness {unknown}
 y - a scroll of recharging {unknown}
Potions
 h - a potion of invisibility
 i - a potion of cancellation
 j - a potion of ambrosia {unknown}
 k - a potion of flight
 l - 2 potions of lignification {unknown}
 r - a potion of curing {unknown}
 z - a potion of brilliance {unknown}
Books
 c - a book of Minor Magic

   Spells                             Type                      Level
   a - Magic Dart                     Conjuration                  1
   b - Blink                          Translocation                2
   c - Call Imp                       Summoning                    2
   d - Slow                           Hexes                        2
   e - Conjure Flame                  Conjuration/Fire             3
   f - Mephitic Cloud                 Conjuration/Poison/Air       3
Comestibles
 f - 6 bread rations
 g - 4 meat rations
 m - a chunk of flesh
 p - 2 fruits
 q - a royal jelly


   Skills:
 * Level 7.1 Fighting
 * Level 5.7(6.1) Axes
 - Level 3.4(5.0) Maces & Flails
 + Level 6.2 Armour
 - Level 1.3 Dodging
 * Level 7.0 Shields


You had 7 spell levels left.
You didn't know any spells.

Dungeon Overview and Level Annotations

Branches:
Dungeon (5/15)
 Temple: D:4-7

Altars:
Zin

Shops:
D:4 [

Annotations:
D:5 1 runed door


Innate Abilities, Weirdness & Mutations

You reflexively headbutt those who attack you in melee.
You have a pair of horns on your head.


Message History

The two-headed ogre hits you with a giant club!!
Something hits you but does no damage.
You slash the two-headed ogre!
Lightning courses through the two-headed ogre!
The two-headed ogre is moderately wounded.
You closely miss something.
Your shield prevents you from hitting something.
You hear some strange, mumbled words.
Something tries to affect you, but you resist.
You block the two-headed ogre's attack. The two-headed ogre barely misses you.
You hear some strange, mumbled words.
Something tries to affect you, but you resist.
You block the howler monkey's attack.
You slice the two-headed ogre!!
The two-headed ogre is severely wounded.
You slash the howler monkey! You closely miss something. You hit something.
Something hits you but does no damage. You block the howler monkey's attack.
Something hits you but does no damage.
The two-headed ogre hits you with a giant club!!
You die...

#.#.###.#.......
#.#.# #.#.......
#.#.# #.########
#.#.###.#
######.#.....# ..
#......#####.#
.... #.###### ###
#....#..h..###
#....'...@...#
#....#)[.O.#.#
......#.......?...
..... ##....#.####
..... #....#.#
...# #....# # ...
#....# ######


You could see a two-headed ogre and a howler monkey.

Vanquished Creatures
  Prince Ribbit (D:5)
  Sigmund (D:3)
  Menkaure (D:5)
  Edmund (D:5)
  A centaur (D:5)
  2 scorpions
  2 crimson imps (D:5)
  2 orc priests
  3 orc wizards
  2 iguanas (D:5)
  A worker ant (D:5)
  A howler monkey skeleton (D:4)
  12 adders
  An adder zombie (D:3)
  A worm (D:2)
  A dart slug (D:3)
  3 leopard geckos
  15 orcs
  8 bats
  6 giant cockroaches
  9 goblins
  8 hobgoblins
  6 jackals (D:3)
  5 kobolds
  4 quokkas
  3 ball pythons
  9 frilled lizards
  7 rats
116 creatures vanquished.

Notes
Turn   | Place    | Note
-------+----------+-------------------------------------------
     0 | D:1      | Amciq the Minotaur Fighter began the quest for the Orb.
     0 | D:1      | Reached XP level 1. HP: 19/19 MP: 0/0
   160 | D:1      | Reached XP level 2. HP: 13/27 MP: 1/1
   831 | D:1      | Reached XP level 3. HP: 33/33 MP: 2/2
   940 | D:2      | Reached XP level 4. HP: 40/40 MP: 3/3
  1162 | D:2      | Reached skill level 1 in Dodging
  1450 | D:2      | Reached skill level 1 in Axes
  1633 | D:2      | Reached XP level 5. HP: 47/47 MP: 4/4
  2083 | D:3      | Reached skill level 5 in Fighting
  2083 | D:3      | Reached skill level 5 in Shields
  2293 | D:3      | Noticed Sigmund
  2303 | D:3      | Killed Sigmund
  2303 | D:3      | Reached skill level 5 in Armour
  2303 | D:3      | Reached XP level 6. HP: 44/56 MP: 5/5
  3207 | D:4      | Found Emoff's Antique Armour Boutique.
  3340 | D:4      | Reached XP level 7. HP: 62/62 MP: 6/6
  3521 | D:5      | Entered Level 5 of the Dungeon
  3531 | D:5      | Noticed Edmund
  3545 | D:5      | Killed Edmund
  3619 | D:5      | Noticed Menkaure
  3628 | D:5      | Killed Menkaure
  3753 | D:5      | Noticed Prince Ribbit
  3762 | D:5      | Reached skill level 5 in Axes
  3763 | D:5      | Killed Prince Ribbit
  3763 | D:5      | Reached XP level 8. HP: 14/73 MP: 7/7
  3895 | D:5      | Found a runed door.
  4074 | D:5      | Found a glowing silver altar of Zin.
  4074 | D:5      | Noticed an angel
  4132 | D:5      | Noticed a two-headed ogre
  4140 | D:5      | Slain by a two-headed ogre

Vault maps used:
D:1:      eino_arrival_water_cross
D:3:      first_bread, uniq_sigmund
D:4:      serial_shops, nicolae_shop_window_shopping, minmay_box_of_dots
D:5:      zin_angel, nicolae_ossuary_entry_ruins, uniq_menkaure,
          uniq_prince_ribbit1, uniq_crazy_yiuf_cottage, uniq_edmund

Skill      XL: |  1  2  3  4  5  6  7  8 |
---------------+-------------------------+-----
Shields        | 4 5 6 7 |  7.0
Fighting       | 4 5 7 |  7.1
Maces & Flails | 3 |  3.4
Armour         | 4 5 6 |  6.2
Dodging        | 1 |  1.3
Axes           | 1 3 5 |  5.7

Action                   |  1- 3 |  4- 6 |  7- 9 || total
-------------------------+-------+-------+-------++-------
Melee: Flail             |    86 |     3 |       ||    89
       Headbutt          |    11 |    16 |     7 ||    34
       War axe           |       |   117 |    53 ||   170
  Use: Scroll            |       |     3 |       ||     3
       Potion            |       |     2 |     3 ||     5
  Eat: Chunk             |       |     7 |     4 ||    11
Armor: Scale mail        |    35 |    43 |    25 ||   103
Dodge: Dodged            |    25 |    35 |    11 ||    71
Block: Shield            |    51 |    48 |       ||    99
       Large shield      |       |     4 |    51 ||    55
